 Dungeon Crawl Stone Soup version 0.18-a0-1805-g8ab820f (webtiles) character file.

116 M4edhros the Poker (level 4, -1/35 HPs)
             Began as a Mummy Chaos Knight on Apr 26, 2016.
             Killed from afar by a dart slug (3 damage)
             ... with a slug dart
             ... on level 2 of the Dungeon.
             The game lasted 00:01:21 (1622 turns).

M4edhros the Poker (Mummy Chaos Knight)             Turns: 1622, Time: 00:01:21

Health: -1/35      AC:  6    Str: 15    XL:     4   Next: 69%
Magic:  4/4        EV: 11    Int: 11    God:    Xom [....*.]
Gold:   63         SH:  0    Dex: 12    Spells: 0 memorised, 3 levels left

rFire  x . .     SeeInvis .     f - +1 short sword (venom)
rCold  + . .     Gourm    .     b - +2 leather armour
rNeg   + + +     Faith    .     (no shield)
rPois  ∞         Spirit   .     (no helmet)
rElec  .         Dismiss  .     (no cloak)
rCorr  .         Reflect  .     (no gloves)
SustAt .         Harm     .     k - +0 pair of boots
MR     .....     Rnd*Tele +     (no amulet)
Stlth  +.........               (no ring)
                                h - ring of teleportation (curse)

@: not resistant to hostile enchantments, very unstealthy
A: no food or potions, fire vulnerability, cold resistance 1, negative energy
resistance 3, torment resistance, unbreathing
a: Renounce Religion


You were on level 2 of the Dungeon.
You worshipped Xom.
You were a beloved toy of Xom.
You were not hungry.

You visited 1 branch of the dungeon, and saw 2 of its levels.

You collected 63 gold pieces.

Inventory:

Hand Weapons
 a - a +0 spear of chaos
 f - a +1 short sword of venom (weapon)
Missiles
 g - 113 stones (quivered)
Armour
 b - a +2 leather armour (worn)
 k - a +0 pair of boots (worn)
Jewellery
 h - a cursed ring of teleportation (left hand)
Scrolls
 c - 2 scrolls of blinking {unknown}
 d - a scroll of recharging {unknown}
 e - a scroll of teleportation {unknown}
 i - a scroll of random uselessness {unknown}
 j - 3 scrolls of remove curse {unknown}


   Skills:
 - Level 3.0 Fighting
 + Level 4.5 Polearms
 - Level 1.5 Armour
 - Level 0.7 Dodging


You had 3 spell levels left.
You didn't know any spells.

Dungeon Overview and Level Annotations

Branches:
Dungeon (2/15)

Altars:


Innate Abilities, Weirdness & Mutations

You do not eat or drink.
Your flesh is vulnerable to fire.
You are immune to poison.
Your flesh is cold resistant.
You are immune to negative energy.
You are immune to unholy pain and torment.
You can survive without breathing.


Message History

The gnoll is severely wounded.
The gnoll hits you with a whip!
* * * LOW HITPOINT WARNING * * *
You kill the gnoll!
The goblin throws a stone.
The stone hits you but does no damage.
You see here a stone.
The dart slug launches a dart at you. The slug dart hits you!
You can't drink.
You see here a stone.
The dart slug barely misses you.
You hit the dart slug.
The dart slug is poisoned.
The dart slug is lightly wounded.
The dart slug closely misses you.
You hit the dart slug.
The dart slug looks even sicker.
The dart slug is heavily wounded.
The dart slug launches a dart at you. The slug dart hits you!
You die... "It's all fun and games until someone loses an eye."

.....##....................#
#.##.##....................#
#..#.##....................#
##.#.##..........####..#####
.....##...........# #..#
##...#.!..........###..#
...................##..#
.###...........(.#.#..######
#....#.........#@#.......!.#
.....#.........#w###.......#
[....##........#g..#.......#
.....##....................#
......#.....%!..##....######
#................#.)#.#
.....#.........#......#
...............##.....#
......<....########...#


You could see a dart slug and a goblin.

Vanquished Creatures
  5 gnolls
  An adder (D:2)
  2 oozes (D:1)
  2 dart slugs
  4 giant geckos
  2 giant cockroaches
  3 goblins
  5 hobgoblins (D:2)
  5 jackals (D:1)
  3 ball pythons
  4 bats (D:1)
  4 giant newts
  A kobold (D:1)
  3 rats (D:1)
44 creatures vanquished.

Notes
Turn   | Place    | Note
--------------------------------------------------------------
     0 | D:1      | M4edhros the Mummy Chaos Knight began the quest for the Orb.
     0 | D:1      | Reached XP level 1. HP: 18/18 MP: 1/1
    43 | D:1      | XOM: harmless Conj miscast
   141 | D:1      | Reached XP level 2. HP: 17/24 MP: 2/2
   220 | D:1      | Reached skill level 3 in Polearms
   263 | D:1      | XOM: silly message
   383 | D:1      | Reached XP level 3. HP: 12/29 MP: 3/3
   565 | D:1      | XOM: divination: magic mapping
   578 | D:1      | XOM: harmless Fire miscast
   592 | D:1      | XOM: potion effect (brilliance)
   909 | D:1      | XOM: harmless Ice miscast
   963 | D:1      | XOM: mild Trmt miscast
  1238 | D:2      | Reached skill level 4 in Polearms
  1452 | D:2      | XOM: harmless Trmt miscast
  1452 | D:2      | Reached XP level 4. HP: 30/35 MP: 4/4
  1622 | D:2      | Killed from afar by a dart slug

Vault maps used:
D:1:      onia_arrival_pyramid
D:2:      dk_yredelemnul_ordeal

Skill      XL: |  1  2  3 |
---------------+----------+-----
Polearms       | 3 4 |  4.5
Fighting       | |  3.0
Armour         | |  1.5
Dodging        | |  0.7

Action                   |  1- 3 |  4- 6 || total
-------------------------+-------+-------++-------
Melee: Spear             |    81 |       ||    81
       Short sword       |    45 |    36 ||    81
 Stab: Distracted        |     1 |       ||     1
Armor: Leather armour    |    46 |    15 ||    61
Dodge: Dodged            |    68 |    20 ||    88
